 Dungeon Crawl Stone Soup version 0.27.1-2-g3b301248ec (webtiles) character file.

Game seed: 17899180717691188716

86 Descartes the Covert (level 4, -5/23 HPs)
             Began as a Spriggan Delver on Oct 3, 2021.
             Slain by an ogre (24 damage)
             ... on level 5 of the Dungeon.
             The game lasted 00:01:03 (291 turns).

Descartes the Covert (Spriggan Delver)               Turns: 291, Time: 00:01:03

Health: -5/23      AC:  2    Str:  9    XL:     4   Next: 27%
Magic:  5/5        EV: 17    Int: 11    God:
Gold:   0          SH:  0    Dex: 16    Spells: 3/3 levels left

rFire    . . .     SeeInvis +   a - +0 short sword
rCold    . . .     Faith    .   (shield restricted)
rNeg     . . .     Spirit   .   b - +0 robe
rPois    .         Reflect  .   (helmet restricted)
rElec    .         Harm     .   (no cloak)
rCorr    .         Rampage  .   (gloves unavailable)
Will     .....                  (boots unavailable)
Stlth    ++++......             (no amulet)
HPRegen  0.07/turn              (no ring)
MPRegen  0.09/turn              (no ring)

@: very quick
A: very small, no large weapons, unfitting armour, see invisible, speed 3
a: no special abilities


You were on level 5 of the Dungeon.
You visited 1 branch of the dungeon, and saw 1 of its levels.

Inventory:

Hand Weapons
 a - a +0 short sword (weapon)
Armour
 b - a +0 robe (worn)
Wands
 g - a wand of digging (3)
Scrolls
 c - a scroll of fog
 d - a scroll of magic mapping
 e - a scroll of fear
Potions
 f - a potion of haste


   Skills:
 - Level 2.4 Fighting
 - Level 2.1 Short Blades
 - Level 2.6 Dodging
 + Level 9.8 Stealth


You had 3 spell levels left.
You didn't know any spells.
Your spell library was empty.

Dungeon Overview and Level Annotations

Branches:
Dungeon (5/15)
 Temple: D:4-7

Altars:


Innate Abilities, Weirdness & Mutations

You are very small and have problems with some larger weapons.
You are too small for most types of armour.
You have supernaturally acute eyesight. (SInv)
You cover ground extremely quickly. (Speed+++)


Message History

The ogre is almost dead.
You hit the ogre.
You kill the ogre!
Your Stealth skill gained 2 levels and is now at level 9!
You have reached level 2!
You have reached level 3!
Your experience leads to an increase in your attributes!
Increase (S)trength, (I)ntelligence, or (D)exterity?
You feel stronger.
You have reached level 4!
You see here a +0 giant club.
An orc comes into view. It is wielding a +0 whip.
The helpless orc fails to defend itself.
You impale the orc!!
You kill the orc!
No target in view!
Things that are here:
a +0 whip; an orc corpse
Things that are here:
a +0 whip; an orc corpse You see here a +0 giant club.
You see here a +0 giant club.
You see here a +0 giant club.
No target in view!
The ogre shouts!
You barely miss the ogre. The ogre completely misses you.
You completely miss the ogre. The ogre hits you with a +0 giant club.
You hit the ogre.
The ogre is lightly wounded.
The ogre barely misses you.
You hit the ogre.
The ogre is moderately wounded.
The ogre barely misses you.
You hit the ogre.
The ogre is moderately wounded.
You barely miss the ogre.
The ogre is moderately wounded.
The ogre hits you with a +0 giant club!!
Ouch! That really hurt!
You die...

#.# #.##### #.# #..)..# #.#
####.## #.# #.# #.# #.# #.# #.#
#≈##############.### #.#
##≈≈≈#..............># #.#
#≈≈≈≈#........@####### #.#
#≈≈≈≈######.##O############.#
#≈.≈≈#≈≈.≈..≈...≈...##......#
##≈≈≈≈≈≈≈≈≈≈≈≈≈≈≈≈≈≈.≈#.######
##.≈≈≈.≈≈≈≈≈≈≈≈≈.≈≈≈≈≈.#......#
#...≈≈≈≈≈.≈≈≈≈≈≈≈≈≈≈≈≈≈#####.##
#.#..≈≈≈≈≈≈≈≈≈≈≈≈≈≈≈≈≈≈ #.#
#.##≈......≈..≈..≈#≈≈≈≈ #.#
#+####.######.##.###≈≈ #.#


You could see an ogre.

Vanquished Creatures
  An ogre (D:5)
  An ufetubus (D:5)
  An orc (D:5)
3 creatures vanquished.

Notes
Turn   | Place    | Note
-------+----------+-------------------------------------------
     0 | D:5      | Descartes the Spriggan Delver began the quest for the Orb.
     0 | D:5      | Reached XP level 1. HP: 11/11 MP: 2/2
    58 | D:5      | Noticed a yak
    58 | D:5      | Noticed a yak
    58 | D:5      | Noticed a yak
    58 | D:5      | Noticed a yak
    58 | D:5      | Noticed a yak
    58 | D:5      | Noticed a yak
   161 | D:5      | Noticed an ogre
   190 | D:5      | Noticed an ogre
   195 | D:5      | Killed an ogre
   196 | D:5      | Reached skill level 9 in Stealth
   196 | D:5      | Reached XP level 2. HP: 16/16 MP: 3/3
   196 | D:5      | Reached XP level 3. HP: 19/19 MP: 4/4
   196 | D:5      | Reached XP level 4. HP: 23/23 MP: 5/5
   291 | D:5      | Slain by an ogre

Illustrated notes

Levels and vault maps discovered:
D:5:      layout_basic, minmay_temple_entry_hall, chequers_serial_rivers_large_a

Skill      XL: |  1 |
---------------+----+-----
Stealth        | 9 |  9.8
Fighting       | |  2.4
Short Blades   | |  2.1
Dodging        | |  2.6

Action                   |  1- 3 |  4- 6 || total
-------------------------+-------+-------++-------
Melee: Short sword       |     4 |     7 ||    11
 Stab: Sleeping          |     2 |     1 ||     3
Dodge: Dodged            |     2 |     3 ||     5
